 Dungeon Crawl Stone Soup version 0.27.1-34-g3ba077fa99 (webtiles) character file.

Game seed: 3852093820233386265

790 cbfl8 the Covered (level 7, -6/61 HPs)
             Began as a Minotaur Wanderer on Jan 19, 2022.
             Mangled by Duvessa (13 damage)
             ... on level 4 of the Dungeon.
             The game lasted 00:13:28 (5298 turns).

cbfl8 the Covered (Minotaur Wanderer)               Turns: 5298, Time: 00:13:28

Health: -6/61      AC: 13    Str: 13    XL:     7   Next: 57%
Magic:  6/6        EV: 11    Int: 10    God:
Gold:   215        SH:  0    Dex: 14    Spells: 6/6 levels left

rFire    . . .     SeeInvis .   r - +2 short sword (venom)
rCold    . . .     Faith    .   (no shield)
rNeg     . . .     Spirit   .   l - +0 ring mail
rPois    +         Reflect  .   H - +1 hat
rElec    .         Harm     .   p - +0 cloak
rCorr    .         Rampage  .   u - +0 pair of gloves
Will     .....                  (no boots)
Stlth    +.........             (no amulet)
HPRegen  0.20/turn              v - ring of poison resistance
MPRegen  0.10/turn              y - +4 ring of protection

@: lit by a corona, glowing
A: horns 2, retaliatory headbutt
a: no special abilities


You were on level 4 of the Dungeon.
You visited 1 branch of the dungeon, and saw 5 of its levels.

You collected 215 gold pieces.

Inventory:

Hand Weapons
 a - a +2 quarterstaff
 b - a +0 hand crossbow
 h - a +0 dagger
 i - a +2 short sword of speed
 r - a +2 short sword of venom (weapon)
 G - a +0 dagger of flaming
Missiles
 c - 72 bolts
 n - 89 stones (quivered)
 o - 19 poisoned darts
Armour
 e - a +0 robe
 l - a +0 ring mail (worn)
 p - a +0 cloak (worn)
 u - a +0 pair of gloves (worn)
 A - a +0 pair of gloves
 H - a +1 hat (worn)
Magical Staves
 x - a staff of cold
Jewellery
 v - a ring of poison resistance (left hand)
 y - a +4 ring of protection (right hand)
 I - a ring of magical power
Scrolls
 j - 2 scrolls of fog {unknown}
 m - a scroll of blinking {unknown}
 s - a scroll of magic mapping
 t - a scroll of enchant weapon {unknown}
 B - a scroll of acquirement {unknown}
 C - a scroll of noise {unknown}
 D - a scroll of fear {unknown}
 E - a scroll of holy word {unknown}
 F - a scroll of teleportation
Potions
 d - a potion of lignification
 f - 3 potions of heal wounds {unknown}
 g - 2 potions of brilliance {unknown}
 k - 3 potions of curing
 q - a potion of haste {unknown}
 w - a potion of invisibility {unknown}
 z - a potion of degeneration {unknown}


   Skills:
 + Level 5.2 Fighting
 + Level 4.4 Short Blades
 + Level 5.3 Staves
 + Level 1.3 Bows
 + Level 5.6 Armour
 + Level 2.7 Dodging
 + Level 1.7 Stealth
 + Level 1.2 Shields


You had 6 spell levels left.
You didn't know any spells.
Your spell library contained the following spells:

 Spells                   Type           Power      Damage    Failure   Level
 Slow                     Hex            0%         N/A       75%         2
 Confusing Touch          Hex            0%         N/A       92%         3
 Frozen Ramparts          Ice            0%         1d2       92%         3
 Vampiric Draining        Necr           0%         2d6       92%         3
 Ice Form                 Ice/Tmut       0%         N/A       100%        4
 Summon Ice Beast         Ice/Summ       0%         N/A       100%        4


Dungeon Overview and Level Annotations

Branches:
Dungeon (5/15)
 Temple: D:4-7

Altars:
Ashenzari
Elyvilon
Qazlal

Annotations:
D:4 Duvessa


Innate Abilities, Weirdness & Mutations

You have a pair of horns on your head.
You reflexively headbutt those who attack you in melee.


Message History

You hit Dowan.
You kill Dowan!
Duvessa screams, "No!
How DARE you!"
Duvessa goes berserk!
Duvessa hits you with a +0 short sword. Duvessa hits you but does no damage.
Duvessa hits you with a +0 short sword.
Items here: $ ) ? [ †.
Unknown command.
Duvessa misses you. You furiously retaliate!
You headbutt Duvessa. Duvessa hits you but does no damage.
Unknown command.
You hit Duvessa but do no damage.
Duvessa is poisoned.
Duvessa is lightly wounded.
Duvessa hits you with a +0 short sword!
Unknown command.
You hit Duvessa but do no damage.
Duvessa looks as sick as possible!
You headbutt Duvessa!
Duvessa is lightly wounded.
Duvessa hits you with a +0 short sword.
Unknown command.
You hit Duvessa.
Duvessa looks as sick as possible!
You headbutt Duvessa.
Duvessa is moderately wounded.
Duvessa hits you with a +0 short sword. Duvessa hits you with a +0 short sword!
Unknown command.
You hit Duvessa.
Duvessa looks as sick as possible!
Duvessa is moderately wounded.
Duvessa barely misses you.
Unknown command.
You hit Duvessa but do no damage.
Duvessa looks as sick as possible!
Duvessa is heavily wounded.
Duvessa hits you with a +0 short sword!
* * * LOW HITPOINT WARNING * * *
Unknown command.
Unknown command.
You closely miss Duvessa.
Duvessa is heavily wounded.
Duvessa hits you with a +0 short sword!
* * * LOW HITPOINT WARNING * * *
Duvessa hits you with a +0 short sword!
You die...

##......## ##....##
##......# ##...##
##.......## #...##
##.........# ##..##
##..........## #...#
##.............
##..####..............
###...###...............
.#.............e@.......
................).......♣
#...####................♣
#...# ##.....<...!.....♣
....## #...............♣
.....# ##..............♣
♣ .....#
#..............♣.♣
.....##
#................#
......# ##............##


You could see Duvessa (berserk, fast, extremely poisoned).

Vanquished Creatures
  A hornet (D:5)
  A black bear (D:5)
  Dowan (D:4)
  2 howler monkeys (D:5)
  A jelly (D:3)
  An orc priest (D:4)
  A centaur skeleton (D:5)
  2 iguanas
  3 orc wizards
  Terence (D:3)
  A hound skeleton (D:4)
  5 adders
  A white imp (D:5)
  A dart slug (D:4)
  7 orcs (D:5)
  12 bats
  4 endoplasms
  6 giant cockroaches
  9 goblins
  6 hobgoblins
  6 quokkas
  4 ball pythons
  3 frilled lizards
  6 kobolds
  6 rats
91 creatures vanquished.

Vanquished Creatures (others)
  A plant (D:1)
1 creature vanquished.

Grand Total: 92 creatures vanquished

Notes
Turn   | Place    | Note
-------+----------+-------------------------------------------
     0 | D:1      | cbfl8 the Minotaur Wanderer began the quest for the Orb.
     0 | D:1      | cbfl8 set off with the following items: a +2 quarterstaff,
                  | a +0 hand crossbow, 25 bolts, a potion of lignification, a
                  | +0 robe
     0 | D:1      | Reached XP level 1. HP: 19/19 MP: 0/0
   317 | D:1      | Reached XP level 2. HP: 27/27 MP: 1/1
  1091 | D:1      | Reached XP level 3. HP: 33/33 MP: 2/2
  1484 | D:2      | You fall into a shaft and drop 2 floors!
  1651 | D:3      | Noticed Terence
  2120 | D:4      | Found a white marble altar of Elyvilon.
  2213 | D:4      | Noticed Dowan
  2266 | D:5      | Entered Level 5 of the Dungeon
  2276 | D:5      | Reached XP level 4. HP: 30/41 MP: 3/3
  2281 | D:5      | Reached skill level 5 in Staves
  2305 | D:5      | Reached skill level 1 in Dodging
  2550 | D:5      | Noticed a black bear
  2563 | D:5      | Killed a black bear
  2564 | D:5      | Reached skill level 1 in Short Blades
  2564 | D:5      | Reached XP level 5. HP: 25/47 MP: 4/4
  2748 | D:5      | Found a broken altar of Ashenzari.
  3093 | D:5      | Reached XP level 6. HP: 47/53 MP: 5/5
  3127 | D:5      | Noticed a hornet
  3147 | D:5      | Paralysed by a hornet for 2 turns
  3148 | D:5      | Killed a hornet
  3232 | D:5      | Reached XP level 7. HP: 60/60 MP: 6/6
  3244 | D:5      | Reached skill level 5 in Armour
  3414 | D:3      | Killed Terence
  3731 | D:3      | Found a faded altar of an unknown god.
  3838 | D:3      | Reached skill level 5 in Fighting
  4568 | D:2      | Found a stormy altar of Qazlal.
  5281 | D:4      | Noticed Duvessa
  5290 | D:4      | Killed Dowan
  5298 | D:4      | Mangled by Duvessa

Illustrated notes

Levels and vault maps discovered:
D:1:      giann_bridges, layout_basic, kennysheep_crisscross,
          roderic_roman_lattice, hangedman_decor_growths
D:2:      layout_loops_corners, basic_altar
D:3:      layout_basic, hellmonk_ecumenical_altar_leap_of_faith,
          portal_sewer_entry_f, uniq_terence
D:4:      minmay_spotlight, layout_cave_pods, elyvilon_altar_4, serial_forest,
          infiniplex_forest_straight_3, infiniplex_forest_clump_tiny,
          infiniplex_forest_lined_corner, infiniplex_forest_straight_2,
          infiniplex_forest_end_2, infiniplex_forest_clump_small, dk_vineyard_1,
          uniq_duvessa
D:5:      layout_loops_cross, nicolae_ashenzari_skybound

Skill      XL: |  1  2  3  4  5  6  7 |
---------------+----------------------+-----
Staves         | 4 5 |  5.3
Fighting       | 4 5 |  5.2
Armour         | 2 3 4 5 |  5.6
Dodging        | 1 2 |  2.7
Short Blades   | 1 2 3 4 |  4.4
Bows           | |  1.3
Stealth        | |  1.7
Shields        | |  1.2

Action                   |  1- 3 |  4- 6 |  7- 9 || total
-------------------------+-------+-------+-------++-------
Melee: Quarterstaff      |    35 |       |       ||    35
       Headbutt          |     5 |    11 |    14 ||    30
       Short sword       |    23 |    44 |    90 ||   157
  Use: Scroll            |       |     5 |     1 ||     6
       Potion            |       |     1 |       ||     1
Armor: Ring mail         |    31 |    37 |    63 ||   131
Dodge: Dodged            |    54 |    30 |    62 ||   146
